 Dungeon Crawl Stone Soup version 0.30-b1-2-g02819fbbbe (webtiles) character file.

Game seed: 16944131805830451326

1683 Ruse100 the Carver (level 9, 0/71 HPs)
             Began as a Barachi Fighter on Oct 23, 2023.
             Was an Initiate of Okawaru.
             Slain by a two-headed ogre
             ... wielding a +0 giant club
              (23 damage)
             ... on level 6 of the Dungeon.
             The game lasted 00:20:38 (4936 turns).

Ruse100 the Carver (Barachi Fighter)                Turns: 4936, Time: 00:20:39

Health: 0/71       AC: 12    Str: 21    XL:     9   Next: 2%
Magic:  9/9        EV:  7    Int:  8    God:    Okawaru [......]
Gold:   131        SH: 10    Dex: 13    Spells: 8/8 levels left

rFire   . . .        a - +1 long sword
rCold   . . .        g - +0 kite shield
rNeg    + + +        A - +1 chain mail of Ru, Bursting {rN++ rCorr}
rPois   .            (no helmet)
rElec   .            c - +0 cloak
rCorr   +            (no gloves)
SInv    .            (no boots)
Will    .....        l - amulet of the acrobat Stlth
                     i - ring of positive energy
HPRegen 0.31/turn    (no ring)
MPRegen 0.11/turn

%: acrobat
@: weak-willed, weakened, hasted, quick
A: amphibious, slowness 1, strong legs 1, +LOS
a: Hop, Renounce Religion


You were on level 6 of the Dungeon.
You worshipped Okawaru.
Okawaru was noncommittal.
You visited 1 branch of the dungeon, and saw 6 of its levels.

You collected 359 gold pieces.
You spent 228 gold pieces at shops.

Inventory:

Hand Weapons
 a - a +1 long sword (weapon)
Missiles
 n - 63 stones
 u - a throwing net
Armour
 b - a +0 scale mail
 c - a +0 cloak (worn)
 g - a +0 kite shield (worn)
 m - a +0 buckler
 z - a +2 scale mail of fire resistance
 A - the +1 chain mail of Ru, Bursting (worn) {rN++ rCorr}
   (You bought it in a shop on level 5 of the Dungeon)

   rN:        It greatly protects you from negative energy.
   rCorr:     It protects you from acid and corrosion.
Jewellery
 i - a ring of positive energy (left hand)
 l - an amulet of the acrobat (around neck)
 y - a ring of resist corrosion
Scrolls
 e - 2 scrolls of amnesia
 h - 4 scrolls of identify
 j - a scroll of fog
 k - a scroll of noise
 q - 2 scrolls of silence
 s - 2 scrolls of enchant armour
 w - a scroll of vulnerability
Potions
 f - 3 potions of flight
 p - a potion of heal wounds
 r - 2 potions of curing
 v - a potion of might
 x - a potion of attraction


   Skills:
 + Level 6.9 Fighting
 * Level 8.7 Long Blades
 + Level 6.9 Armour
 + Level 6.2 Shields
 + Level 1.2 Invocations


You had 8 spell levels left.
You didn't know any spells.
Your spell library contained the following spells:

 Spells                   Type           Power      Damage    Failure   Level
 Sandblast                Erth           0%         2d4       99%         1
 Passwall                 Tmut/Erth      0%         N/A       100%        2
 Poisonous Vapours        Pois/Air       0%         N/A       100%        2
 Mephitic Cloud           Conj/Pois/Air  0%         N/A       100%        3
 Stone Arrow              Conj/Erth      0%         3d7       100%        3
 Freezing Cloud           Conj/Ice/Air   0%         6-21      100%        5


Dungeon Overview and Level Annotations

Branches:
Dungeon (6/15)             Temple (0/1) D:5

Altars:
Dithmenos
Fedhas
Kikubaaqudgha
Okawaru
Qazlal
Sif Muna
Xom

Shops:
D:5 [

Annotations:
D:6 exclusions: door and 1 more exclusion


Innate Abilities, Weirdness & Mutations

You are amphibious.
You cover ground slowly.
You can hop short distances.
You have an extended range of vision and can be seen from far away.


Message History

The black bear claws you but does no damage.
The black bear bites you but does no damage.
The black bear claws you.
The black bear claws you but does no damage.
The orc priest invokes the aid of Beogh against you.
Beogh smites you!
Unknown command.
You barely miss the ogre. You block the ufetubus's attack.
The ufetubus closely misses you.
The howler monkey hoots and howls with incredible vigour!
Unknown command.
You hit the ogre.
The ogre is lightly wounded.
You block the black bear's attack.
The black bear claws you but does no damage. x2
You block the black bear's attack.
The black bear claws you but does no damage.
You block the black bear's attack.
The ufetubus hits you but does no damage. x2
You hit the two-headed ogre.
The two-headed ogre is lightly wounded.
The ufetubus hits you but does no damage.
The ufetubus barely misses you. The black bear bites you.
The black bear barely misses you.
The black bear claws you but does no damage.
The black bear bites you. You block the black bear's attack. x2
You hit the two-headed ogre.
The two-headed ogre is lightly wounded.
The ufetubus hits you.
The ufetubus hits you but does no damage.
You hit the two-headed ogre.
The two-headed ogre is lightly wounded.
The black bear bites you but does no damage.
The black bear claws you.
The black bear claws you but does no damage.
You block the black bear's attack.
The black bear claws you but does no damage. x2
You block the ufetubus's attack. The ufetubus barely misses you.
The two-headed ogre hits you with a +0 giant club!!
You die...

# ##.....## #.## ##.# #.# . ##
##.......## ##.###.## ##.##.
.####.........# #.....#####.....
...#####.####### #.............<.
.######..###/.$###....######..##.
## #....##|...)###.#.# #..#..
#####....#○....SJ####.# #.....
..##.....#....Oh5# #.# #.##†#
#.##....##§§§lgO@# #.# #.....
#.##....###§§hlh#####.# ####.#
#.##..### ##§§o###..#.# #.....
..##.########'#####.#.# #.##>#
####...†......O..##.#.# #.##.#
####.........§...##.#.# #.##.#
...#...o.........#....# #.##..
#######'########O##.### #.####
#... .##.# #.# #


You could see a two-headed ogre, 2 black bears, an ogre, a gnoll bouda (inner
flame), an iguana, a jelly (inner flame, weak-willed), an orc priest, an adder
(inner flame, weak-willed) and an ufetubus (inner flame).

Vanquished Creatures
  Pikel (D:4)
  Sigmund (D:2)
  Edmund (D:4)
  A black bear (D:5)
  A phantom (D:4)
  2 centaurs
  Blork the orc (D:4)
  3 scorpions
  A howler monkey (D:6)
  2 hounds (D:5)
  2 iguanas (D:4)
  A jelly (D:5)
  An orc priest (D:4)
  2 orc wizards
  7 gnolls
  4 adders
  A dart slug (D:4)
  14 orcs
  6 ball pythons
  5 endoplasms
  2 giant cockroaches
  2 goblins
  5 hobgoblins
  3 jackals (D:5)
  2 quokkas
  5 bats
  3 frilled lizards
  2 kobolds (D:2)
  4 rats
85 creatures vanquished.

Vanquished Creatures (others)
  An orc wizard (D:4)
1 creature vanquished.

Grand Total: 86 creatures vanquished

Notes
Turn   | Place    | Note
-------+----------+-------------------------------------------
     0 | D:1      | Ruse100 the Barachi Fighter began the quest for the Orb.
     0 | D:1      | Reached XP level 1. HP: 18/18 MP: 1/1
   262 | D:1      | Reached XP level 2. HP: 23/25 MP: 2/2
   510 | D:2      | Noticed Sigmund
   529 | D:2      | HP: 1/25 [something (9)]
   540 | D:2      | Killed Sigmund
   541 | D:2      | Reached skill level 4 in Long Blades
   541 | D:2      | Reached XP level 3. HP: 5/31 MP: 3/3
   541 | D:2      | Reached XP level 4. HP: 6/38 MP: 4/4
   541 | D:2      | Reached XP level 5. HP: 6/43 MP: 5/5
  1277 | D:2      | Reached XP level 6. HP: 43/50 MP: 6/6
  1466 | D:3      | Reached skill level 5 in Long Blades
  1517 | D:3      | Found a shimmering blue altar of Sif Muna.
  1680 | D:3      | Identified the +0 scale mail "Niroqo" {MP+9}
  1968 | D:4      | Found a stormy altar of Qazlal.
  1968 | D:4      | Found a shimmering altar of Xom.
  1989 | D:4      | Reached skill level 5 in Fighting
  2177 | D:4      | Reached skill level 5 in Armour
  2326 | D:4      | Noticed Pikel
  2339 | D:4      | Killed Pikel
  2340 | D:4      | Reached skill level 7 in Long Blades
  2340 | D:4      | Reached skill level 5 in Shields
  2340 | D:4      | Reached XP level 7. HP: 43/57 MP: 7/7
  2530 | D:4      | Reached XP level 8. HP: 48/64 MP: 8/8
  2681 | D:4      | Found a shadowy altar of Dithmenos.
  2739 | D:4      | Noticed Edmund
  2755 | D:4      | Killed Edmund
  2951 | D:4      | Noticed Blork the orc
  2962 | D:4      | Killed Blork the orc
  3387 | D:5      | Entered Level 5 of the Dungeon
  3432 | D:5      | Found a blossoming altar of Fedhas.
  3537 | D:5      | Found Kumpupij's Antique Armour Shoppe.
  3547 | D:5      | Bought a jewelled chain mail for 228 gold pieces
  3547 | D:5      | Identified the +1 chain mail of Ru, Bursting {rN++ rCorr}
                  | (You bought it in a shop on level 5 of the Dungeon)
  3580 | D:5      | Found an iron altar of Okawaru.
  3611 | D:5      | Reached skill level 8 in Long Blades
  3618 | D:5      | Became a worshipper of Warmaster Okawaru
  3821 | D:5      | Found a staircase to the Ecumenical Temple.
  3948 | D:5      | Found an ancient bone altar of Kikubaaqudgha.
  4248 | D:6      | Reached skill level 1 in Invocations
  4900 | D:6      | Reached XP level 9. HP: 71/71 MP: 9/9
  4910 | D:6      | Noticed a two-headed ogre
  4936 | D:6      | Slain by a two-headed ogre

Illustrated notes

Levels and vault maps discovered:
D:1:      eino_arrival_water_star, layout_rooms
D:2:      layout_basic, minmay_crystal_room, minmay_quantized, uniq_sigmund
D:3:      layout_rooms, amcnicky_altar_gilded
D:4:      layout_basic, nicolae_dithmenos_the_darkroom,
          amethyst_overflow_temple_binary, uniq_edmund, uniq_pikel,
          uniq_blork_the_orc
D:5:      layout_gridville, grunt_temple_overflow_growth_and_decay,
          mainiacjoe_overflow_tiny_flanked, minmay_temple_entry_glass,
          nicolae_stop_n_shop_2
D:6:      minmay_opposing_rooms, layout_loops_corners

Skill      XL: |  1  2  3  4  5  6  7  8 |
---------------+-------------------------+-----
Fighting       | 4 5 6 |  6.9
Long Blades    | 4 7 8 |  8.7
Armour         | 4 5 6 |  6.9
Shields        | 4 5 6 |  6.2
Invocations    | 1 |  1.2

Action                     |  1- 3 |  4- 6 |  7- 9 || total
---------------------------+-------+-------+-------++-------
  Melee: Long sword        |    54 |   159 |   195 ||   408
Ability: Hop               |     1 |       |     1 ||     2
    Use: Potion            |     4 |       |     2 ||     6
         Scroll            |     3 |     2 |    12 ||    17
 Armour: Scale mail        |    38 |    73 |    26 ||   137
         Chain mail        |       |       |   125 ||   125
  Dodge: Dodged            |    25 |    51 |    98 ||   174
  Block: Kite shield       |    12 |    61 |   138 ||   211
         Buckler           |     5 |       |       ||     5
